Map: Ultralove

Players

SubN - Winner!

  • Race: Zerg Zerg
  • League: Diamond
  • Spawn Location: 7:00

Killerwalski

  • Race: Zerg Zerg
  • Spawn Location: 1:00

VOD

Have the link to the VOD?

Description

Time

  • Played on: July 31, 2025, 3:04 p.m.
  • Length: 3:13
Show
View Real Time Build Order
Export as new Build Order

SubN Zerg - Winner!

Build Orders: Pool First 

Get SALT Encoding   

  12  0:00  Drone  
  13  0:08  Drone  
  13  0:12  Extractor  
  13  0:30  Spawning Pool  
  12  0:55  Hatchery  
  11  1:18  Queen  
  13  1:25  Overlord  
  13  1:36  Metabolic Boost  
  13  1:41  Drone  
  13  1:46  Zergling x2  
  15  1:50  Zergling x2  
  16  1:55  Zergling x2  
  17  2:04  Zergling x2  
  17  2:07  Zergling x2  
  19  2:17  Zergling x2  
  19  2:22  Zergling x2  
  21  2:29  Zergling x2  
  23  2:30  Zergling x6  
  23  2:33  Zergling x2  
  26  2:46  Zergling x4  
Show
View Real Time Build Order
Export as new Build Order

Killerwalski Zerg 

Build Orders: Hatch First 

Get SALT Encoding   

  12  0:00  Drone  
  13  0:08  Drone  
  14  0:14  Extractor  
  14  0:15  Drone  
  15  0:21  Overlord  
  15  0:40  Drone  
  16  0:46  Hatchery  
  15  0:50  Drone  
  15  0:54  Drone  
  17  0:59  Drone  
  18  1:10  Extractor  
  17  1:15  Spawning Pool  
  17  1:16  Drone  
  17  1:19  Drone  
  18  1:26  Drone  
  19  1:43  Drone  
  20  1:49  Drone  
  21  2:02  Queen x2  
  21  2:03  Zergling x2  
  21  2:08  Drone  
  27  2:18  Hatchery  
  27  2:19  Overlord  
  26  2:44  Drone  
  26  2:45  Drone x4, Baneling Nest  
  26  2:50  Zergling x2  
Tags
 
League
Diamond
Matchup
ZvZ
Race
Zerg
Replay Pack
Multiplayer
Spawn Locations
Cross Positions
Add a new tag
Caveats
  • Supply blocks, unpowered buildings, or Contaminate may cause inaccurate times.
  • Supply counts are checked every 10 seconds.